 Dungeon Crawl Stone Soup version 0.21-a0-110-g8e1637b (webtiles) character file.

16 Ordine the Magician (level 2, 0/15 HPs)
             Began as a Tengu Wizard on July 10, 2017.
             Slain by an orc wizard
             ... wielding a +0 dagger
              (3 damage)
             ... on level 1 of the Dungeon.
             The game lasted 00:01:27 (637 turns).

Ordine the Magician (Tengu Wizard)                   Turns: 637, Time: 00:01:28

Health: 0/15       AC:  2    Str:  7    XL:     2   Next: 54%
Magic:  1/7        EV: 12    Int: 18    God:
Gold:   43         SH:  0    Dex: 12    Spells: 4/7 levels left

rFire    . . .     SeeInvis .   m - +0 spear
rCold    . . .     Gourm    .   (no shield)
rNeg     . . .     Faith    .   a - +0 robe
rPois    .         Spirit   .   b - +0 hat
rElec    .         Reflect  .   (no cloak)
rCorr    .         Harm     .   (no gloves)
MR       .....                  (boots unavailable)
Stlth    ++........             (no amulet)
HPRegen  0.05/turn              (no ring)
MPRegen  0.10/turn              (no ring)

@: no status effects
A: beak, talons 3
a: no special abilities


You were on level 1 of the Dungeon.
You were not hungry.

You visited 1 branch of the dungeon, and saw 2 of its levels.

You collected 43 gold pieces.

Inventory:

Hand Weapons
 m - a +0 spear (weapon)
Armour
 a - a +0 robe (worn)
 b - a +0 hat (worn)
Scrolls
 e - 3 scrolls of teleportation {unknown}
 f - 2 scrolls of identify {unknown}
 i - a scroll of remove curse {unknown}
Potions
 g - a potion of cancellation {unknown}
 h - 2 potions of lignification {unknown}
 k - a potion of curing {unknown}
 l - 3 potions of agility {unknown}
Books
 c - a book of Minor Magic

   Spells                             Type                      Level
   a - Magic Dart                     Conjuration                  1
   b - Blink                          Translocation                2
   c - Call Imp                       Summoning                    2
   d - Slow                           Hexes                        2
   e - Conjure Flame                  Conjuration/Fire             3
   f - Mephitic Cloud                 Conjuration/Poison/Air       3
Comestibles
 d - a bread ration
 j - a chunk of flesh


   Skills:
 - Level 2.1 Dodging
 + Level 2.3 Stealth
 + Level 3.1 Spellcasting
 * Level 2.4 Conjurations
   Level 1.2 Summonings
 + Level 0.8 Translocations


You had 4 spell levels left.
You knew the following spells:

 Your Spells              Type           Power        Failure   Level  Hunger
a - Magic Dart            Conj           ##..         6%          1    None
b - Blink                 Tloc           N/A          17%         2    ##.....


Dungeon Overview and Level Annotations

Branches:
Dungeon (2/15)

Altars:
Ru


Innate Abilities, Weirdness & Mutations

You have a beak for a mouth.
You have claws for feet.


Message History

The orc wizard is severely wounded.
The orc wizard hits you with a dagger.
* * * LOW HITPOINT WARNING * * *
Casting: Magic Dart
Confirm with . or Enter, or press ? or * to list all spells.
Aiming: Magic Dart
Press: ? - help, Shift-Dir - straight line, f/p - orc wizard
Aim: an orc wizard, wielding a dagger and wearing a robe (severely wounded, mute)
The magic dart hits the orc wizard.
The orc wizard is severely wounded.
The orc wizard closely misses you.
Casting: Magic Dart
Confirm with . or Enter, or press ? or * to list all spells.
Aiming: Magic Dart
Press: ? - help, Shift-Dir - straight line, f/p - orc wizard
Aim: an orc wizard, wielding a dagger and wearing a robe (severely wounded, mute)
The magic dart hits the orc wizard.
The orc wizard is severely wounded.
The orc wizard hits you with a dagger.
You die...

#.# # #.# # #.######
###### #.##...## #.....
##.#.....#####.####
#..............# #
#..#.....###.######
#..##...## #.#.....
#.@###.## #.#...##
#o.#...# #.#.....
#..#.#######.#.#...
######..#.#[........#...
#.....>.#.#>#####.###...
#.####.##.#.#####.# #...
#.# #............###.##
#.# ####...............
###.#
#######.########..##


You could see an orc wizard (mute).

Vanquished Creatures
  An ooze (D:1)
  A hobgoblin (D:1)
  2 jackals (D:1)
  A ball python (D:1)
  2 bats (D:1)
  2 frilled lizards (D:1)
  2 goblins
  A kobold (D:1)
  A rat (D:1)
13 creatures vanquished.

Notes
Turn   | Place    | Note
-------+----------+-------------------------------------------
     0 | D:1      | Ordine the Tengu Wizard began the quest for the Orb.
     0 | D:1      | Reached XP level 1. HP: 10/10 MP: 5/5
   336 | D:1      | Reached XP level 2. HP: 10/15 MP: 0/7
   427 | D:1      | Learned a level 2 spell: Blink
   574 | D:1      | You fall through a shaft!
   622 | D:2      | Found a sacrificial altar of Ru.
   637 | D:1      | Slain by an orc wizard

Vault maps used:
D:1:      minmay_arrival_semitransparent
D:2:      lemuel_upstairs_altar, old_standard_altar,
          nicolae_ru_great_annihilating_truth, nicolae_overflow_crystal_walls,
          chequers_ecumenical_altar_island

Skill      XL: |  1 |
---------------+----+-----
Conjurations   | 2 |  2.4
Dodging        | |  2.1
Stealth        | |  2.3
Spellcasting   | |  3.1
Summonings     | |  1.2
Translocations | |  0.8

Action                   || total
-------------------------++-------
Melee: Unarmed           ||    11
       Kick              ||     2
       Peck              ||     1
 Cast: Magic Dart        ||    36
Armor: Robe              ||     2
Dodge: Dodged            ||    17
